 Seeded DCSS version 0.29-a0-617-g7a6b98fccd (webtiles) character file.

Game seed: 1048704708156254408 (custom seed)

3379 Patoropollo the Covert (level 9, -4/47 HPs)
             Began as a Spriggan Brigand on June 17, 2022.
             Was a Follower of Lugonu.
             Slain by a two-headed ogre
             ... wielding a +0 giant club
              (28 damage)
             ... on level 8 of the Dungeon.
             The game lasted 00:20:22 (7797 turns).

Patoropollo the Covert (Spriggan Brigand)           Turns: 7797, Time: 00:20:24

Health: -4/47      AC:  4    Str:  7    XL:     9   Next: 74%
Magic:  10/10      EV: 23    Int: 13    God:    Lugonu [*.....]
Gold:   427        SH:  0    Dex: 20    Spells: 8/8 levels left

rFire   + . .      SeeInvis +   g - +7 dagger (vamp)
rCold   . . .      Faith    .   (no shield)
rNeg    . . .      Spirit   .   b - +0 robe
rPois   .          Reflect  .   A - +2 hat
rElec   .          Harm     +   i - scarf {harm}
rCorr   .          Rampage  .   (gloves unavailable)
Will    +....                   (boots unavailable)
Stlth   +++++.....              (no amulet)
HPRegen 0.15/turn               t - ring of protection from fire
MPRegen 0.12/turn               (no ring)

@: very quick
A: very small, no large weapons, unfitting armour, see invisible, speed 3
a: Renounce Religion, Depart the Abyss


You were on level 8 of the Dungeon.
You worshipped Lugonu.
Lugonu was aware of your devotion.
You visited 2 branches of the dungeon, and saw 9 of its levels.
You also visited: Sewer.

You collected 427 gold pieces.

Inventory:

Hand Weapons
 g - a +7 vampiric dagger (weapon)
Missiles
 d - 9 poisoned darts (quivered)
 e - 2 curare-tipped darts
 h - 5 atropa-tipped darts
Armour
 b - a +0 robe (worn)
 i - a scarf of harm (worn)
 A - a +2 hat (worn)
Jewellery
 j - an amulet of magic regeneration
 t - a ring of protection from fire (left hand)
Wands
 n - a wand of digging (6)
 B - a wand of polymorph (9)
 D - a wand of flame (21)
Scrolls
 m - 2 scrolls of amnesia
 s - 2 scrolls of noise
 y - a scroll of magic mapping
Potions
 a - a potion of degeneration {unknown}
 c - 2 potions of mutation
 f - 4 potions of lignification
 k - a potion of flight {unknown}
 l - 2 potions of magic
 o - 5 potions of curing
 p - 2 potions of invisibility
 q - a potion of berserk rage {unknown}
 u - 2 potions of cancellation {unknown}
 z - a potion of resistance {unknown}


   Skills:
 + Level 5.4 Fighting
 - Level 10.0 Short Blades
 - Level 2.0 Throwing
 + Level 8.1 Dodging
 + Level 11.2 Stealth


You had 8 spell levels left.
You didn't know any spells.
Your spell library contained the following spells:

 Spells                   Type           Power      Damage    Failure   Level
 Magic Dart               Conj           0%         1d3       30%         1
 Sting                    Tmut/Pois      0%         1d3       30%         1
 Blink                    Tloc           0%         N/A       43%         2
 Call Imp                 Summ           0%         N/A       43%         2
 Poisonous Vapours        Pois/Air       0%         N/A       43%         2
 Lesser Beckoning         Tloc           0%         N/A       67%         3
 Mephitic Cloud           Conj/Pois/Air  0%         N/A       67%         3
 Olgreb's Toxic Radiance  Pois           0%         N/A       97%         4
 Manifold Assault         Tloc           0%         N/A       100%        5


Dungeon Overview and Level Annotations

Branches:
Dungeon (8/15)             Temple (1/1) D:6           Sewer (visited)
   Lair: D:8-11

Altars:
Ashenzari
Cheibriados
Dithmenos
Elyvilon
Fedhas
Gozag
Hepliaklqana
Kikubaaqudgha
Makhleb
Nemelex Xobeh
Okawaru
Qazlal
Ru
Uskayaw
Vehumet
Xom
Yredelemnul
Zin
The Shining One
Lugonu

Shops:
D:5 :   D:6 :

Annotations:
D:3 3 runed translucent doors, logorrheac's ghost, amateur GnWn
D:6 2 transporters, xian's ghost, novice DsGl
D:7 2 transporters, exclusion: oklob plant, om's ghost, novice DjIE


Innate Abilities, Weirdness & Mutations

You are very small and have problems with some larger weapons.
You are too small for most types of armour.
You have supernaturally acute eyesight. (SInv)
You cover ground extremely quickly. (Speed+++)


Message History

You throw an atropa-tipped dart.
The atropa-tipped dart hits the black bear.
The black bear appears confused.
The black bear is lightly wounded.
A water moccasin comes into view.
The black bear bites the plant.
The plant begins to die.
The black bear claws the plant. x2
A scorpion comes into view.
You see here a poisoned dart.
A two-headed ogre comes into view.
It is wielding a +0 giant club and a +0 giant spiked club.
You see here 3 poisoned darts.
e - a curare-tipped dart;
d - 2 poisoned darts
h - 5 atropa-tipped darts (gained 1);
e - 2 curare-tipped darts (gained 1)
d - 12 poisoned darts (gained 10)
Items here: )) [[ †††.
A nearby plant withers and dies.
You see here 3 poisoned darts.
You hit the two-headed ogre.
You feel better.
The two-headed ogre is lightly wounded.
A nearby fungus withers and dies.
You barely miss the two-headed ogre.
The two-headed ogre is lightly wounded.
The two-headed ogre completely misses you.
The two-headed ogre hits you with a +0 giant spiked club!
You throw a poisoned dart.
The poisoned dart hits the two-headed ogre.
The two-headed ogre is poisoned.
The two-headed ogre is lightly wounded.
You see here 3 poisoned darts.
You throw a poisoned dart.
The poisoned dart hits the two-headed ogre.
The two-headed ogre looks even sicker.
The two-headed ogre is lightly wounded.
You throw a poisoned dart.
The poisoned dart hits the two-headed ogre.
The two-headed ogre looks even sicker.
The two-headed ogre is lightly wounded.
The two-headed ogre hits you with a +0 giant club!!
Ouch! That really hurt!
You die...

.......... #.# #.#
P..P....P.. #.# #.#
....P.....# #.#####.#
.....P....# #.......#
......(SP.# ###..######
.P.P...... ##..⌠.#
......h.(# #[.8..#
......(P(#####..⌠## #
.....(..(O@).....# ..#
.......#.#######.##....(
###.####.# #...<.<.. #
### ####..... ...# .## #


You could see a two-headed ogre (very poisoned) and a black bear (wandering,
blind).

Vanquished Creatures
  Grinder (D:3)
  Sigmund (D:6)
  2 vampire mosquitoes (D:8)
  2 steam dragons
  A water moccasin (Sewer)
  A sky beast (D:7)
  2 orc warriors
  An ice beast (D:5)
  A centaur (D:8)
  A kobold brigand (D:6)
  5 bullfrogs
  A necrophage (D:7)
  A gnoll sergeant (D:7)
  7 scorpions
  A wight (D:8)
  5 killer bees (D:7)
  A howler monkey (D:4)
  5 hounds
  2 jellies
  An orc priest (D:6)
  An iguana (D:4)
  Terence (D:3)
  4 orc wizards
  Natasha (thrice) (D:4)
  4 gnolls (D:7)
  8 adders
  A shadow imp (D:5)
  2 white imps
  2 ufetubi
  2 worms
  4 dart slugs
  20 orcs
  11 endoplasms
  4 giant cockroaches
  3 goblins
  8 hobgoblins
  2 jackals (D:2)
  9 kobolds
  6 quokkas
  8 ball pythons
  5 bats
  3 frilled lizards
  4 rats
157 creatures vanquished.

Vanquished Creatures (others)
  An orc (D:7)
  44 fungi (D:8)
  50 plants (D:8)
95 creatures vanquished.

Grand Total: 252 creatures vanquished

Notes
Turn   | Place    | Note
-------+----------+-------------------------------------------
     0 | D:1      | Patoropollo the Spriggan Brigand began the quest for the
                  | Orb.
     0 | D:1      | Reached XP level 1. HP: 10/10 MP: 2/2
   280 | D:1      | Reached XP level 2. HP: 14/14 MP: 3/3
   362 | D:1      | You fall into a shaft and drop 1 floor!
   440 | D:2      | Found a glowing golden altar of the Shining One.
   615 | D:2      | Reached XP level 3. HP: 18/18 MP: 4/4
  1496 | D:3      | Found a basalt altar of Yredelemnul.
  1506 | D:3      | Found a shimmering altar of Xom.
  1726 | D:3      | Found a runed translucent gate.
  1726 | D:3      | Found an opulent altar of Gozag.
  1727 | D:3      | Found a runed translucent gate.
  1727 | D:3      | Found a runed translucent gate.
  1730 | D:3      | Noticed logorrheac's ghost (amateur GnWn)
  1736 | D:3      | Noticed Grinder
  1741 | D:3      | Killed Grinder
  1742 | D:3      | Reached XP level 4. HP: 22/22 MP: 5/5
  1742 | D:3      | Reached XP level 5. HP: 25/25 MP: 6/6
  1801 | D:3      | Reached XP level 6. HP: 30/30 MP: 7/7
  1834 | D:3      | Found a faded altar of an unknown god.
  1842 | D:3      | Noticed Terence
  1869 | D:3      | Killed Terence
  2728 | D:4      | Reached XP level 7. HP: 33/33 MP: 8/8
  2923 | D:4      | Noticed Natasha
  2942 | D:4      | Killed Natasha
  2976 | D:4      | Noticed Natasha
  2989 | D:4      | Killed Natasha
  3305 | D:4      | Noticed Natasha
  3315 | D:4      | Killed Natasha
  3718 | D:5      | Entered Level 5 of the Dungeon
  3780 | D:5      | Found a blossoming altar of Fedhas.
  4202 | D:5      | Reached skill level 10 in Short Blades
  4573 | D:5      | Found Zamena's Self-Improvement Boutique.
  4720 | D:6      | Found a glowing drain.
  4750 | D:6      | Found Haokhli's Book Emporium.
  4770 | Sewer    | Entered a sewer
  4818 | Sewer    | Reached skill level 6 in Stealth
  4818 | Sewer    | Reached XP level 8. HP: 22/39 MP: 9/9
  5077 | D:6      | Reached skill level 7 in Stealth
  5566 | D:6      | Found a hide-covered altar of Uskayaw.
  5600 | D:6      | Reached skill level 8 in Stealth
  5655 | D:6      | Noticed Sigmund
  5675 | D:6      | Killed Sigmund
  5676 | D:6      | Reached skill level 5 in Dodging
  5719 | D:6      | Found a staircase to the Ecumenical Temple.
  5735 | Temple   | Entered the Ecumenical Temple
  5776 | Temple   | Became a worshipper of Lugonu the Unformed
  5776 | Temple   | Reached * piety under Lugonu
  5999 | D:6      | Noticed xian's ghost (novice DsGl)
  6011 | D:6      | Found a transporter.
  6019 | D:6      | Found a transporter.
  6275 | D:7      | Found a transporter.
  6292 | D:7      | Found an iron altar of Okawaru.
  6292 | D:7      | Found a sacrificial altar of Ru.
  6293 | D:7      | Found a shadowy altar of Dithmenos.
  6300 | D:7      | Reached skill level 9 in Stealth
  6302 | D:7      | Found a snail-covered altar of Cheibriados.
  6320 | D:7      | Reached XP level 9. HP: 3/45 MP: 10/10
  6600 | D:7      | Found a broken altar of Ashenzari.
  6600 | D:7      | Found an opulent altar of Gozag.
  6601 | D:7      | Found a burning altar of Makhleb.
  6724 | D:7      | Noticed a red ugly thing
  6728 | D:7      | Found a transporter.
  6732 | D:7      | Noticed om's ghost (novice DjIE)
  6825 | D:7      | Noticed a seven-headed hydra
  6992 | D:7      | Noticed an oklob plant
  7042 | D:7      | Reached skill level 10 in Stealth
  7474 | D:8      | Reached skill level 5 in Fighting
  7765 | D:8      | Reached skill level 11 in Stealth
  7783 | D:8      | Noticed a two-headed ogre
  7797 | D:8      | Slain by a two-headed ogre

Illustrated notes

Levels and vault maps discovered:
D:1:      lightli_arrival_quake, layout_loops_corners, corexii_leaking_fountain,
          minmay_heptomino_d4
D:2:      layout_rooms, basic_altar, st_stairs_4
D:3:      layout_basic, mainiacjoe_overflow_catwalk_spiral, ebering_ghost_gozag,
          ebering_ecumenical_altar_petrified, uniq_grinder, uniq_terence
D:4:      minmay_bubble_buster, layout_loops_ring, kennysheep_potato,
          uniq_natasha
D:5:      layout_loops_cross, mainiacjoe_overflow_small_starburst,
          amcnicky_mini_pool_small, nicolae_shop_self_help
D:6:      layout_gridville, nicolae_uskayaw_dance_studio,
          minmay_temple_entry_enclosed_plants, gammafunk_ghost_arena,
          cheibrodos_sewer_entry_drain, serial_shops, shop, uniq_sigmund
D:7:      layout_loops_cross, nicolae_gozag_seed_capital,
          grunt_temple_overflow_open, nzn_ghost_randoct, serial_bayou_pond_c
D:8:      layout_loops_ring, nzn_overflow_gifts_of_might_and_magic,
          due_lair_maze_entry_diamond, serial_shops, nicolae_lakefront_shop,
          dreamdust_deal_with_the_devil, uniq_erica
Temple:   corrupted_temple

Skill      XL: |  1  2  3  4  5  6  7  8  9 |
---------------+----------------------------+-----
Short Blades   | 3 6 7 8 10 | 10.0
Fighting       | 2 3 5 |  5.4
Dodging        | 2 5 8 |  8.1
Stealth        | 6 9 11 | 11.2
Throwing       | |  2.0

Action                   |  1- 3 |  4- 6 |  7- 9 || total
-------------------------+-------+-------+-------++-------
Melee: Dagger            |    91 |    52 |   382 ||   525
       Punch             |       |       |     7 ||     7
Throw: Dart              |     6 |     9 |   226 ||   241
  Use: Scroll            |       |     8 |     9 ||    17
 Stab: Sleeping          |     9 |    11 |     3 ||    23
Armor: Robe              |    12 |     7 |    26 ||    45
Dodge: Dodged            |    54 |    19 |   201 ||   274

Table legend: (Time is in decaauts)
 A = Elapsed time spent in this place.
 B = Non-inter-level travel time spent in this place.
 C = Inter-level travel time spent in this place.
 D = Time resting spent in this place.
 E = Time spent auto-exploring this place.
 F = Levels seen in this place.
 G = Mean time per level.
                   A        B        C        D        E       F      G
               +--------+--------+--------+--------+--------+-----+--------+
         Total |   5725 |   5548 |    177 |      0 |   4432 |  10 |  572.5 |
       Dungeon |   5479 |   5311 |    168 |      0 |   4228 |   8 |  684.9 |
        Temple |     33 |     24 |      9 |      0 |     14 |   1 |   33.0 |
         Sewer |    212 |    212 |      0 |      0 |    189 |   1 |  212.0 |
               +--------+--------+--------+--------+--------+-----+--------+

Top non-repeatable levels by time:
     D:4: 1119 daAuts
     D:6: 866 daAuts
     D:7: 822 daAuts
     D:5: 719 daAuts
     D:1: 580 daAuts
     D:3: 575 daAuts
     D:8: 451 daAuts
     D:2: 344 daAuts
   Sewer: 212 daAuts
  Temple: 33 daAuts
